 Dungeon Sprint DCSS version 0.28-a0-1182-g381e24db82 (webtiles) character file.

Game seed: 2630474315167783194

926 mhtbhm the Protected (level 7, -1/72 HPs)
             Began as a Minotaur Fighter on Dec 17, 2021.
             Was a Believer of Okawaru.
             Slain by an eight-headed hydra (12 damage)
             ... in the Dungeon (Sprint IX: "|||||||||||||||||||||||||||||").
             The game lasted 00:01:03 (493 turns).

mhtbhm the Protected (Minotaur Fighter)              Turns: 493, Time: 00:01:03

Health: -1/72      AC: 15    Str: 22    XL:     7   Next: 85%
Magic:  10/10      EV: 11    Int:  5    God:    Okawaru [**....]
Gold:   0          SH:  6    Dex: 13    Spells: 6/6 levels left

rFire   . . .      SeeInvis .   a - +0 trident
rCold   . . .      Faith    .   c - +0 buckler
rNeg    . . .      Spirit   .   b - +1 chain mail
rPois   .          Reflect  .   (helmet restricted)
rElec   .          Harm     .   (no cloak)
rCorr   .          Rampage  .   n - +0 pair of gloves
Will    .....      NoTele   +   m - +0 pair of boots
Stlth   ..........              (no amulet)
HPRegen 0.22/turn               p - +3 ring of dexterity
MPRegen 0.12/turn               o - +2 ring of evasion

@: invisible
A: horns 2, retaliatory headbutt
a: Renounce Religion, Heroism


You were in the Dungeon.
You worshipped Okawaru.
Okawaru was pleased with you.
You visited 1 branch

Inventory:

Hand Weapons
 a - a +0 trident (weapon)
Missiles
 q - a curare-tipped dart (quivered)
Armour
 b - a +1 chain mail (worn)
 c - a +0 buckler (worn)
 m - a +0 pair of boots (worn)
 n - a +0 pair of gloves (worn)
Jewellery
 o - a +2 ring of evasion (right hand)
 p - a +3 ring of dexterity (left hand)
Wands
 l - a wand of acid (8)
Scrolls
 j - 2 scrolls of blinking
 k - 2 scrolls of amnesia
Potions
 d - a potion of might
 e - 4 potions of curing
 f - 2 potions of heal wounds
 g - a potion of haste
 h - 4 potions of magic


   Skills:
 + Level 10.1 Fighting
 + Level 8.8 Polearms
 + Level 10.9 Armour
 + Level 2.6 Dodging
 + Level 10.1 Shields
 * Level 6.3 Invocations
 + Level 0.7 Evocations


You had 6 spell levels left.
You didn't know any spells.
Your spell library was empty.

Dungeon Overview and Level Annotations

Branches:
Dungeon (1/1)

Altars:
Cheibriados
Dithmenos
Elyvilon
Fedhas
Gozag
Hepliaklqana
Kikubaaqudgha
Makhleb
Nemelex Xobeh
Okawaru
Qazlal
Ru
Sif Muna
Trog
Uskayaw
Vehumet
Wu Jian
Xom
Yredelemnul
Zin
The Shining One
Beogh
Jiyva
Lugonu


Innate Abilities, Weirdness & Mutations

You have a pair of horns on your head.
You reflexively headbutt those who attack you in melee.


Message History

The eight-headed hydra bites you.
You block the eight-headed hydra's attack.
The eight-headed hydra misses you.
The manticore flicks its tail.
The volley of spikes hits the eight-headed hydra!
You puncture the eight-headed hydra!
The eight-headed hydra is heavily wounded.
The eight-headed hydra barely misses you.
You furiously retaliate!
You headbutt the eight-headed hydra. The eight-headed hydra bites you!
The eight-headed hydra barely misses you.
The eight-headed hydra bites you.
The eight-headed hydra barely misses you.
The eight-headed hydra completely misses you.
You block the eight-headed hydra's attack.
The eight-headed hydra bites you.
You hit the eight-headed hydra but do no damage.
The eight-headed hydra is severely wounded.
The centaur warrior shoots an arrow.
The arrow hits the manticore!!
The manticore dies!
The eight-headed hydra barely misses you.
You furiously retaliate!
You headbutt the eight-headed hydra.
The eight-headed hydra barely misses you.
The eight-headed hydra bites you but does no damage.
The eight-headed hydra completely misses you.
The eight-headed hydra barely misses you.
You block the eight-headed hydra's attack.
The eight-headed hydra bites you!
* * * LOW HITPOINT WARNING * * *
The eight-headed hydra bites you.
* * * LOW HITPOINT WARNING * * *
You catch the helpless eight-headed hydra completely off-guard!
You hit the eight-headed hydra. You headbutt the eight-headed hydra.
The eight-headed hydra is almost dead.
The eight-headed hydra closely misses you.
The eight-headed hydra bites you.
* * * LOW HITPOINT WARNING * * *
The eight-headed hydra barely misses you.
The eight-headed hydra bites you!
You die...

▓.▓
▓9▓
▓h▓
▓H▓
▓.▓
▓c▓
▓D▓
▓@▓
▓.▓
▓.▓
▓.▓
▓)▓
▓.▓
▓)▓
▓.▓
▓.▓


You could see an eight-headed hydra (skewered), a centaur warrior, a manticore,
a gargoyle and a howler monkey.

Vanquished Creatures
  A gargoyle (D)
  A kobold demonologist (D)
  A hornet (D)
  A kobold brigand (D)
  A jelly (D)
  A gnoll shaman (D)
  2 hounds (D)
  A giant cockroach (D)
  3 quokkas (D)
  A frilled lizard (D)
  A giant cockroach zombie (D)
  A kobold (D)
  A rat (D)
16 creatures vanquished.

Vanquished Creatures (others)
  A manticore (D)
1 creature vanquished.

Grand Total: 17 creatures vanquished

Notes
Turn   | Place    | Note
-------+----------+-------------------------------------------
     0 | D        | mhtbhm the Minotaur Fighter began the quest for the Orb.
     0 | D        | Reached XP level 1. HP: 19/19 MP: 0/0
    53 | D        | Noticed a jelly
    53 | D        | Noticed a hound
    53 | D        | Noticed a hound
    58 | D        | Killed a hound
    59 | D        | Reached skill level 5 in Fighting
    59 | D        | Reached skill level 5 in Armour
    59 | D        | Reached skill level 5 in Shields
    59 | D        | Reached XP level 2. HP: 29/29 MP: 1/1
    59 | D        | Reached XP level 3. HP: 36/36 MP: 2/2
    68 | D        | Reached XP level 4. HP: 45/45 MP: 3/3
    75 | D        | Found a snail-covered altar of Cheibriados.
    75 | D        | Found a shadowy altar of Dithmenos.
    75 | D        | Found a white marble altar of Elyvilon.
    75 | D        | Found a blossoming altar of Fedhas.
    75 | D        | Found an opulent altar of Gozag.
    76 | D        | Found a hazy altar of Hepliaklqana.
    77 | D        | Found a viscous altar of Jiyva.
    78 | D        | Found an ancient bone altar of Kikubaaqudgha.
    79 | D        | Found a corrupted altar of Lugonu.
    80 | D        | Found a burning altar of Makhleb.
    81 | D        | Found a sparkling altar of Nemelex Xobeh.
    82 | D        | Found an iron altar of Okawaru.
    83 | D        | Found a stormy altar of Qazlal.
    84 | D        | Found a sacrificial altar of Ru.
    85 | D        | Found a shimmering blue altar of Sif Muna.
    86 | D        | Found a bloodstained altar of Trog.
    87 | D        | Found a hide-covered altar of Uskayaw.
    88 | D        | Found a radiant altar of Vehumet.
    89 | D        | Found an ornate altar of the Wu Jian Council.
    90 | D        | Found a shimmering altar of Xom.
    92 | D        | Became a worshipper of Warmaster Okawaru
    94 | D        | Found a basalt altar of Yredelemnul.
    95 | D        | Found a glowing silver altar of Zin.
    96 | D        | Found a glowing golden altar of the Shining One.
   154 | D        | Noticed a kobold brigand
   154 | D        | Noticed a gargoyle
   154 | D        | Noticed a hornet
   154 | D        | Noticed a kobold demonologist
   160 | D        | Reached skill level 5 in Polearms
   160 | D        | Reached skill level 1 in Dodging
   160 | D        | Reached skill level 1 in Invocations
   169 | D        | Noticed an ice devil
   171 | D        | Killed a kobold demonologist
   171 | D        | Reached * piety under Okawaru
   172 | D        | Reached XP level 5. HP: 22/56 MP: 4/7
   172 | D        | Reached XP level 6. HP: 24/62 MP: 4/8
   178 | D        | Killed a hornet
   178 | D        | Reached ** piety under Okawaru
   179 | D        | Reached skill level 10 in Armour
   179 | D        | Reached skill level 5 in Invocations
   179 | D        | Reached XP level 7. HP: 36/70 MP: 4/10
   183 | D        | Killed a gargoyle
   184 | D        | Reached skill level 10 in Fighting
   184 | D        | Reached skill level 10 in Shields
   487 | D        | Noticed a gargoyle
   487 | D        | Noticed a manticore
   487 | D        | Noticed a centaur warrior
   487 | D        | Noticed a manticore
   487 | D        | Noticed an eight-headed hydra
   492 | D        | Killed a manticore
   493 | D        | Slain by an eight-headed hydra

Illustrated notes

Levels and vault maps discovered:
D:        linesprint [early_d, line_temple, items_1, d_10, items_2, lair_1,
          lair_end, items_3, orc_1, orc_end, items_4, d_15, swamp_1, shoals_1,
          snake_1, spider_1, d_20, vaults_1, items_5, swamp_end, shoals_end,
          snake_end, spider_end, vaults_end, d_27, items_6, zot_1, zot_end,
          crypt_end, forest_end, elf_end, slime_end, tomb_end, abyss_end,
          pan_hell_end]

Skill      XL: |  1  2  3  4  5  6  7 |
---------------+----------------------+-----
Shields        | 5 6 8 9 10 | 10.1
Polearms       | 3 4 7 8 |  8.8
Armour         | 5 6 9 10 | 10.9
Fighting       | 5 6 8 9 10 | 10.1
Dodging        | 2 |  2.6
Invocations    | 4 5 6 |  6.3
Evocations     | |  0.7

Action                   |  1- 3 |  4- 6 |  7- 9 || total
-------------------------+-------+-------+-------++-------
Melee: Trident           |    22 |    20 |    10 ||    52
       Headbutt          |     4 |     5 |     2 ||    11
Evoke: Wand              |       |     2 |       ||     2
  Use: Potion            |     1 |     2 |     1 ||     4
 Stab: Invisible         |       |       |     1 ||     1
Armor: Scale mail        |     7 |       |       ||     7
       Chain mail        |       |     6 |     8 ||    14
Dodge: Dodged            |     5 |    10 |    19 ||    34
Block: Buckler           |     2 |     5 |     3 ||    10

Table legend: (Time is in decaauts)
 A = Elapsed time spent in this place.
 B = Non-inter-level travel time spent in this place.
 C = Inter-level travel time spent in this place.
 D = Time resting spent in this place.
 E = Time spent auto-exploring this place.
 F = Levels seen in this place.
 G = Mean time per level.
                   A        B        C        D        E       F      G
               +--------+--------+--------+--------+--------+-----+--------+
         Total |    497 |    497 |      0 |    329 |      3 |   1 |  497.0 |
       Dungeon |    497 |    497 |      0 |    329 |      3 |   1 |  497.0 |
               +--------+--------+--------+--------+--------+-----+--------+

Top non-repeatable levels by time:
       D: 497 daAuts
